 Dungeon Crawl Stone Soup version 0.30-a0-1161-g0704695555 (webtiles) character file.

Game seed: 9024377593553003407

397698 garrulousMonolith the Slayer (level 22, -6/319 HPs)
             Began as a Red Draconian Berserker on Apr 27, 2023.
             Was an Elder of Trog.
             Mangled by an acid blob (36 damage)
             ... created by the Royal Jelly
             ... on level 5 of the Pits of Slime on Apr 28, 2023.
             The game lasted 01:30:05 (58853 turns).

garrulousMonolith the Slayer (DrBe)                Turns: 58853, Time: 01:30:05

Health: -6/319     AC:  5    Str: 26    XL:     22   Next: 22%
Magic:  22/22      EV: 21    Int: 15    God:    Trog [****..]
Gold:   2082       SH: 28    Dex: 16    Spells: 21/21 levels left

rFire   + + +        a - +9 broad axe (flame)
rCold   + + .        S - +4 tower shield {rC+}
rNeg    . . .        (body armour unavailable)
rPois   +            M - +3 crown of Dyrovepreva {rElec Int+2 SInv}
rElec   +            v - +2 cloak of Taostus {Will+}
rCorr   +            B - +2 pair of gloves {Str+3}
SInv    +            o - +0 pair of boots "Esyhuk" {Int+3 Slay+5}
Will    ++++.        d - amulet of reflection Stlth
                     U - ring of the Saviour {rF+ rCorr}
HPRegen 1.73/turn    T - ring of poison resistance
MPRegen 0.18/turn

%: reflection
@: mighty, berserking, resistant, strong-willed, corroded, regenerating, hasted,
invisible, very quick
A: breathe fire, AC +11, unfitting armour, fire resistance 1, cold-blooded
}: 2/15 runes: decaying, serpentine
a: Breathe Fire, Renounce Religion, Berserk, Trog's Hand, Brothers in Arms


You were on level 5 of the Pits of Slime.
You worshipped Trog.
Trog was greatly pleased with you.
You visited 9 branches of the dungeon, and saw 43 of its levels.
You visited 2 bazaars.
You also visited: Sewer, Bailey and Ice Cave.

You collected 6234 gold pieces.
You spent 4152 gold pieces at shops.

Inventory:

Hand Weapons
 a - a +9 broad axe of flaming (weapon)
 b - a +5 eveningstar of protection
 l - the +12 glaive of Prune {freeze, Prune}
   (You found it on level 8 of the Dungeon)

   Prune:     It halves damage taken while paralysed, petrified or unconscious.
Missiles
 h - 66 poisoned darts
 s - 7 throwing nets
 I - 7 javelins (quivered)
Armour
 f - a +2 pair of boots
 o - the +0 pair of boots "Esyhuk" (worn) {Int+3 Slay+5}
   (You bought it in a shop in a bazaar)

   Int:       It affects your intelligence (+3).
   Slay:      It affects your accuracy & damage with ranged weapons and melee
   (+5).
 v - the +2 cloak of Taostus (worn) {Will+}
   (You bought it in a shop on level 1 of the Vaults)

   Will:      It increases your willpower.
 B - a +2 pair of gloves of strength (worn)
 F - a scarf of resistance
 M - the +3 crown of Dyrovepreva (worn) {rElec Int+2 SInv}
   (You bought it in a shop on level 11 of the Dungeon)

   Int:       It affects your intelligence (+2).
   rElec:     It insulates you from electricity.
   SInv:      It lets you see invisible.
 Q - a scarf of invisibility
 S - a +4 tower shield of cold resistance (worn)
Jewellery
 d - an amulet of reflection (around neck)
 q - the ring of Besutuz {rF+ Int+6}
   (You took it off a deep elf high priest on level 3 of the Elven Halls)

   [ring of protection from fire]

   Int:       It affects your intelligence (+6).
   rF:        It protects you from fire.
 u - the ring of the Echidna {AC+4 Str+3}
   (You found it on level 3 of the Elven Halls)

   [ring of protection]

   AC:        It affects your AC (+4).
   Str:       It affects your strength (+3).
 O - the ring of Iror {rN+ Will+ Str+5}
   (You acquired it on level 2 of the Lair of Beasts)

   [ring of willpower]

   Str:       It affects your strength (+5).
   rN:        It protects you from negative energy.
   Will:      It increases your willpower.
 P - the ring of the Median {rC+ rN+++ Int-4 Dex+4 Stlth+}
   (You bought it in a shop on level 1 of the Snake Pit)

   [ring of protection from cold]

   Int:       It affects your intelligence (-4).
   Dex:       It affects your dexterity (+4).
   rC:        It protects you from cold.
   rN:        It renders you almost immune to negative energy.
   Stlth:     It makes you more stealthy.
 T - a ring of poison resistance (right hand)
 U - the ring of the Saviour (left hand) {rF+ rCorr}
   (You bought it in a shop on level 1 of the Snake Pit)

   [ring of resist corrosion]

   rF:        It protects you from fire.
   rCorr:     It protects you from acid and corrosion.
Wands
 n - a wand of polymorph (51)
 p - a wand of roots (33)
 r - a wand of quicksilver (11)
 K - a wand of mindburst (41)
 X - a wand of flame (35)
 Y - a wand of charming (47)
 Z - a wand of digging (10)
Scrolls
 g - 12 scrolls of teleportation
 j - 21 scrolls of identify
 k - 3 scrolls of immolation
 w - 3 scrolls of fear
 x - 4 scrolls of poison
 y - 2 scrolls of silence
 z - 4 scrolls of enchant armour
 A - 5 scrolls of fog
 G - 5 scrolls of magic mapping
 N - a scroll of butterflies
 W - 2 scrolls of blinking
Potions
 c - 6 potions of haste
 e - a potion of invisibility
 i - 12 potions of curing
 m - 3 potions of might
 t - 5 potions of ambrosia
 C - 2 potions of berserk rage
 E - 5 potions of magic
 H - 3 potions of resistance
 J - 5 potions of flight
 L - 9 potions of mutation
 R - 3 potions of heal wounds
 V - 2 potions of cancellation
Miscellaneous
 D - a tin of tremorstones (2/2)


   Skills:
 + Level 21.0 Fighting
 - Level 18.0 Axes
 + Level 18.5 Dodging
 - Level 15.0 Shields
 + Level 18.7 Evocations


You had 21 spell levels left.
You didn't know any spells.
Your spell library was empty.

Dungeon Overview and Level Annotations

Branches:
Dungeon (15/15)            Temple (1/1) D:7            Lair (5/5) D:11
  Swamp (4/4) Lair:2        Snake (4/4) Lair:3        Slime (5/5) Lair:5
    Orc (2/2) D:11            Elf (3/3) Orc:2        Vaults (4/5) D:13
  Crypt (0/3) Vaults:2     Depths (0/4) D:15          Sewer (visited)
 Bailey (visited)           IceCv (visited)

Altars:
Ashenzari
Cheibriados
Dithmenos
Elyvilon
Fedhas
Gozag
Hepliaklqana
Kikubaaqudgha
Makhleb
Nemelex Xobeh
Okawaru
Qazlal
Ru
Sif Muna
Trog
Uskayaw
Vehumet
Wu Jian
Xom
Yredelemnul
Zin
The Shining One
Jiyva

Shops:
D:5 (   D:11 [   Orc:2 (!:[   Elf:1 [   Elf:2 *   Snake:1 ::[=:*=[   Snake:2 *
Snake:3 [?   Snake:4 ?==[   Vaults:1 [   Vaults:2 *

Portals:
Trove: D:11 (show slimy rune of Zot)

Annotations:
D:9 3 runed translucent doors
Elf:2 3 runed translucent doors


Innate Abilities, Weirdness & Mutations

You can breathe blasts of fire.
Your fiery red scales are hard. (AC +11)
You cannot fit into any form of body armour.
Your flesh is heat resistant. (rF+)
You are cold-blooded and may be slowed by cold attacks.


Message History

You are engulfed in blazing flames.
You resist.
* * * LOW HITPOINT WARNING * * *
The slime creature quivers.
The acid blob is engulfed in blazing flames.
You kill the acid blob!
That felt strangely unrewarding.
The acid blob is engulfed in blazing flames.
The slime creature is engulfed in blazing flames.
Flame seeps out of the slime creature.
You barely miss the slime creature.
The slime creature is severely wounded.
The slime creature quivers.
You hit the rockslime but do no damage. You barely miss the acid blob.
You are engulfed in blazing flames.
You resist.
* * * LOW HITPOINT WARNING * * *
The slime creature quivers. x3
You block the rockslime's attack.
The acid blob is engulfed in blazing flames.
You slash the slime creature!
Flame seeps out of the slime creature.
You burn the slime creature. Trog accepts your kill.
You hit the rockslime but do no damage. You slash the acid blob!
You burn the acid blob.
Your hands burn!
* * * LOW HITPOINT WARNING * * *
The slime creature explodes!
The fiery explosion engulfs the slime creature!!
Flame seeps out of the slime creature.
The slime creature is heavily wounded.
The fiery explosion engulfs the acid blob!!
The acid blob is severely wounded.
The fiery explosion engulfs the acid blob!!
The acid blob is severely wounded.
The fiery explosion engulfs you. You resist.
* * * LOW HITPOINT WARNING * * *
You are engulfed in blazing flames.
You resist.
* * * LOW HITPOINT WARNING * * *
The slime creature quivers.
The acid blob is engulfed in blazing flames.
The acid blob hits you!!!
You die...

.................................
.................................
...........####.####.............
..........##*##.#**##............
.........##,*#..#*,###...........
.......###?,,#.##,!$###..........
,,,....*#/")##.☼##)/?##.........,
,^,,.#**$)φ)?.§J.!)$|$###......,,
,,,,,,**?[[!..JJ@§(:!?#*,,,,,,,,,
,,,,,***#?/.:.☼☼§§.($##*,,,,,,,,,
,,,,,***##....§J§§..##***,,,,,,,,
,,,,,,*,.......J.......**,,,,,,,,
,,,,,,,,#.....°......#..,,,,,,,,,
,,,,,,**##..........##*#,,,,,,,,,
,,,,,***#)$./..../.$)***,,,,,,,,,
,,,,,,**[![$......$/)$**,,,,,,,,,
,,,,,,**,,,,,**,*,,,,,***,,,,,,,,


You could see 2 acid blobs, 2 slime creatures and a rockslime.

Vanquished Creatures
  the Royal Jelly (Slime:5)
  the Lernaean hydra (Swamp:4)
  A lich (Vaults:2)
  3 deep elf master archers (Elf:3)
  7 acid blobs (Slime:5)
  A deep elf blademaster (Elf:3)
  2 thorn hunters
  Kirke (Lair:3)
  2 sphinxes
  2 azure jellies (Slime:5)
  4 rockslimes (Slime:5)
  2 fenstrider witches
  5 nagarajas (Snake:4)
  A fire giant (Vaults:3)
  14 deep elf sorcerers
  Aizul (Snake:2)
  7 vault wardens
  10 ironbound preservers
  2 orc warlords
  3 ghouls (Swamp:4)
  3 war gargoyles
  A stone giant (Vaults:4)
  2 deep elf elementalists (Elf:3)
  7 quicksilver oozes
  8 deep elf demonologists (Elf:3)
  6 deep elf annihilators
  5 eleionomae
  5 ironbound thunderhulks
  5 bunyips
  15 dire elephants
  6 deep elf death magi (Elf:3)
  A crystal guardian (Vaults:3)
  An ettin (Vaults:4)
  7 yaktaur captains
  2 entropy weavers (Vaults:3)
  Josephine (D:10)
  A shambling mangrove (Lair:2)
  6 deep elf high priests
  An ice dragon (D:15)
  A fire dragon (D:15)
  7 great orbs of eyes
  21 hydras
  2 vault guards (Vaults:1)
  2 peacekeepers
  A salamander tyrant (Snake:4)
  Harold (D:9)
  A ghost crab (Swamp:4)
  7 anacondas
  2 death knights
  9 ironbound frosthearts
  4 catoblepae
  3 boulder beetles
  6 centaur warriors
  7 two-headed ogres
  11 dancing weapons
  6 death yaks
  A tengu warrior (D:13)
  4 alligators (Swamp:3)
  4 orc high priests (Orc:2)
  11 naga warriors
  7 deep elf knights
  11 shock serpents
  Urug (D:13)
  16 naga sharpshooters
  A skyshark (Lair:2)
  4 skeletal warriors
  2 goliath frogs
  2 salamander mystics
  9 sea snakes (Snake:4)
  13 swamp dragons
  16 deep trolls
  An orb spider (shapeshifter) (Elf:3)
  5 bog bodies
  9 naga ritualists
  A glowing orange brain (Vaults:2)
  5 spriggan druids
  11 deep elf archers
  20 ironbound convokers
  3 phantasmal warriors
  8 orc knights
  6 lindwurms
  7 wizards
  5 orc sorcerers
  8 mana vipers
  32 deep elf pyromancers
  4 necromancers
  26 deep elf zephyrmancers
  7 cyclopes
  An oklob plant (Lair:5)
  2 manticores
  4 will-o-the-wisps
  54 black mambas
  34 elephants
  8 salamanders
  27 ugly things
  14 vault sentinels
  A salamander (shapeshifter) (D:14)
  7 guardian serpents (Snake:4)
  3 ice statues
  23 naga magi
  12 cane toads
  An unseen horror (D:9)
  An unseen horror zombie (D:10)
  2 centaur skeletons (D:10)
  2 gargoyles
  A human zombie (Vaults:2)
  A rime drake (Lair:3)
  11 komodo dragons
  A freezing wraith (D:14)
  22 yaktaurs
  A yaktaur skeleton (Vaults:2)
  3 anaconda simulacra (IceCv)
  9 ice devils
  A polar bear (shapeshifter) (D:13)
  6 trolls
  5 polar bears
  12 tyrant leeches
  15 hornets
  A dream sheep (Lair:5)
  16 blink frogs
  3 shadows
  53 slime creatures
  4 flying skulls (D:10)
  28 spriggans
  A centaur simulacrum (D:15)
  A dire elephant simulacrum (IceCv)
  A yak (shapeshifter) (D:13)
  3 air elementals
  28 yaks
  6 wraiths
  A water elemental (D:12)
  5 fire elementals
  A hog (shapeshifter) (D:15)
  16 humans (D:13)
  9 vampire mosquitoes
  5 basilisks
  2 redbacks (shapeshifter)
  4 steam dragons
  5 redbacks (Vaults:3)
  2 wargs
  A glowing shapeshifter zombie (Vaults:2)
  4 harpy simulacra (IceCv)
  51 nagas
  11 swamp worms
  2 hydra simulacra (IceCv)
  2 acid dragons
  20 water moccasins
  27 orc warriors
  12 swamp drakes
  A sky beast (D:7)
  4 black bears
  31 wolves
  15 ogres
  3 boggarts (Lair:5)
  13 centaurs
  4 phantoms
  7 bullfrogs
  8 kobold brigands
  2 gnoll sergeants
  3 scorpions
  An earth elemental (Elf:2)
  A cane toad simulacrum (IceCv)
  A human skeleton (Vaults:2)
  8 wights
  6 killer bees
  A human simulacrum (Vaults:2)
  17 electric eels
  6 howler monkeys
  6 hounds
  A jelly (D:5)
  13 orc priests
  Crazy Yiuf (D:3)
  4 iguanas
  A sleepcap (D:6)
  20 orc wizards
  A howler monkey zombie (D:10)
  14 gnolls
  9 adders
  A naga simulacrum (IceCv)
  2 river rats (Sewer)
  7 white imps
  A worm (D:2)
  4 dart slugs
  84 orcs
  8 ball pythons
  10 endoplasms
  4 giant cockroaches
  13 goblins
  11 hobgoblins
  10 jackals (Sewer)
  21 kobolds
  A quokka (D:4)
  5 bats
  5 frilled lizards
  11 rats
  13 briar patches
  A fire vortex (Lair:4)
1527 creatures vanquished.

Vanquished Creatures (collateral kills)
  An ironbound thunderhulk (Vaults:2)
  A dire elephant (Vaults:2)
  An orc knight (Vaults:2)
  4 centaur zombies (D:10)
  7 centaur skeletons (D:10)
  2 unseen horror zombies (D:10)
  A meliai zombie (D:10)
  A howler monkey skeleton (D:10)
18 creatures vanquished.

Vanquished Creatures (others)
  2 fenstrider witches (Swamp:4)
  A deep elf demonologist (Elf:3)
  An alligator (Swamp:1)
  A guardian serpent (Snake:4)
  A spriggan (Swamp:2)
  A human (Lair:3)
  A water moccasin (Lair:3)
  2 bullfrogs
  2 hounds (D:11)
  An orc (D:8)
  2 bushes (Lair:2)
  20 foxfires
  54 fungi
  157 plants
246 creatures vanquished.

Grand Total: 1791 creatures vanquished

Notes
Turn   | Place    | Note
-------+----------+-------------------------------------------
     0 | D:1      | garrulousMonolith the Draconian Berserker began the quest
                  | for the Orb.
     0 | D:1      | Reached XP level 1. HP: 19/19 MP: 1/1
   165 | D:1      | Reached XP level 2. HP: 26/26 MP: 2/2
   509 | D:1      | Found a faded altar of an unknown god.
   660 | D:1      | Reached ** piety under Trog
   787 | D:1      | Reached XP level 3. HP: 31/31 MP: 3/3
  1910 | D:3      | Found a white marble altar of Elyvilon.
  2009 | D:3      | Reached XP level 4. HP: 36/40 MP: 4/4
  2012 | D:3      | Reached skill level 4 in Fighting
  2139 | D:3      | Reached XP level 5. HP: 30/45 MP: 5/5
  2235 | D:3      | Found a runed translucent door.
  2236 | D:3      | Noticed Crazy Yiuf
  2244 | D:3      | Killed Crazy Yiuf
  2406 | D:4      | Noticed a phantom
  2421 | D:4      | Reached skill level 5 in Axes
  2427 | D:4      | Killed a phantom
  2428 | D:4      | Reached XP level 6. HP: 55/55 MP: 6/6
  3330 | D:5      | Entered Level 5 of the Dungeon
  3330 | D:5      | Found Dunebb's Weapon Shoppe.
  3339 | D:5      | Reached skill level 5 in Fighting
  3349 | D:5      | Your scales start taking on a fiery red colour.
  3349 | D:5      | Reached XP level 7. HP: 47/61 MP: 7/7
  3349 | D:5      | Gained mutation: Your flesh is heat resistant. (rF+) [Red
                  | Draconian growth]
  3486 | D:5      | Identified the +2 leather armour of the Nine of Pentacles
                  | {Drain rCorr Int+2 Dex+8}
  4205 | D:5      | Reached skill level 6 in Fighting
  4334 | D:6      | Found a glowing drain.
  4341 | D:6      | Reached XP level 8. HP: 70/70 MP: 8/8
  4358 | Sewer    | Entered a sewer
  4371 | Sewer    | Reached *** piety under Trog
  4374 | Sewer    | Reached skill level 5 in Dodging
  4418 | Sewer    | Reached skill level 1 in Evocations
  6219 | D:7      | Reached skill level 7 in Fighting
  6219 | D:7      | Reached XP level 9. HP: 78/79 MP: 9/9
  6283 | D:7      | Found a flagged portal.
  6319 | Bailey   | Entered a bailey
  6351 | Bailey   | HP: 2/79 [ogre/+0 glaive (21)]
  6552 | Bailey   | Noticed a two-headed ogre
  6567 | Bailey   | Killed a two-headed ogre
  6568 | Bailey   | Reached skill level 8 in Fighting
  6568 | Bailey   | Reached skill level 10 in Axes
  6583 | Bailey   | Reached XP level 10. HP: 60/88 MP: 10/10
  6593 | Bailey   | Reached skill level 5 in Evocations
  6892 | D:7      | Found a staircase to the Ecumenical Temple.
  6902 | Temple   | Entered the Ecumenical Temple
  7542 | D:7      | Reached **** piety under Trog
  8085 | D:8      | Found the +12 glaive of Prune {freeze, Prune}
  8242 | D:8      | Reached skill level 1 in Shields
  8517 | D:9      | Noticed Harold
  8538 | D:9      | Killed Harold
  8556 | D:9      | Found a runed translucent gate.
  8556 | D:9      | Found a runed translucent gate.
  8556 | D:9      | Found a runed translucent gate.
  8660 | D:9      | Reached skill level 9 in Fighting
  8932 | D:9      | Noticed a centaur warrior
  8948 | D:9      | Killed a centaur warrior
  9137 | D:9      | Reached XP level 11. HP: 97/97 MP: 11/11
  9271 | D:9      | Noticed a purple ugly thing
  9271 | D:9      | Noticed a green ugly thing
  9271 | D:9      | Noticed a green ugly thing
  9271 | D:9      | Noticed a cyan ugly thing
  9272 | D:9      | Noticed a purple ugly thing
  9416 | D:10     | Entered Level 10 of the Dungeon
  9634 | D:9      | HP: 6/145 [orc priest/divine providence (11)]
 10313 | D:10     | Noticed Josephine
 10323 | D:10     | Identified the +1 leather armour of Ygin {rPois}
 10323 | D:10     | Noticed a necromancer
 10330 | D:10     | Killed Josephine
 10347 | D:10     | Killed a necromancer
 10356 | D:10     | Reached skill level 10 in Fighting
 10366 | D:10     | Reached skill level 5 in Shields
 10644 | D:10     | Noticed a boulder beetle
 10794 | D:10     | Killed a boulder beetle
 10903 | D:10     | Found a hazy altar of Hepliaklqana.
 10916 | D:10     | Reached XP level 12. HP: 106/106 MP: 12/12
 11276 | D:11     | Found a staircase to the Orcish Mines.
 11280 | D:11     | Found Zoihiute's Armour Boutique.
 11364 | D:11     | Bought the +3 crown of Dyrovepreva {rElec Int+2 SInv} for
                  | 455 gold pieces
 11364 | D:11     | Found the +3 crown of Dyrovepreva {rElec Int+2 SInv}
 11671 | D:11     | Found a staircase to the Lair.
 11874 | D:11     | Found a portal to a secret trove of treasure.
 11966 | D:11     | Identified the +1 helmet of Wazec {Will+}
 12111 | D:11     | Noticed a two-headed ogre
 12120 | D:11     | Killed a two-headed ogre
 12193 | Lair:1   | Entered Level 1 of the Lair of Beasts
 12435 | Lair:1   | Reached ***** piety under Trog
 12972 | Lair:1   | Noticed a death yak
 12972 | Lair:1   | Noticed a death yak
 12973 | Lair:1   | Noticed a death yak
 12973 | Lair:1   | Noticed a death yak
 12985 | Lair:1   | Killed a death yak
 12998 | Lair:1   | Killed a death yak
 13005 | Lair:1   | Killed a death yak
 13017 | Lair:1   | Killed a death yak
 13330 | Lair:2   | Reached skill level 11 in Fighting
 13711 | Lair:2   | Found a staircase to the Swamp.
 14121 | Lair:2   | Reached XP level 13. HP: 102/116 MP: 11/13
 14638 | Lair:2   | Identified a scroll of acquirement
 14638 | Lair:2   | Acquired the ring of Iror {rN+ Will+ Str+5}
 14732 | Lair:3   | Noticed Kirke
 14735 | Lair:3   | Noticed a sphinx
 14749 | Lair:3   | Killed Kirke
 14907 | Lair:3   | Found a staircase to the Snake Pit.
 15569 | Lair:3   | Noticed a dire elephant
 15787 | Lair:2   | Killed a dire elephant
 15790 | Lair:2   | Reached skill level 10 in Dodging
 16377 | Lair:3   | Reached skill level 15 in Axes
 16526 | Lair:3   | Reached skill level 12 in Fighting
 17109 | Lair:4   | Reached XP level 14. HP: 82/126 MP: 10/14
 17409 | Lair:4   | Received a gift from Trog
 17536 | Lair:4   | Reached skill level 10 in Evocations
 18123 | Lair:5   | Entered Level 5 of the Lair of Beasts
 19169 | Lair:5   | Received a gift from Trog
 19835 | Lair:5   | Reached skill level 13 in Fighting
 20112 | Lair:5   | Identified the +0 battleaxe of Calamity {distort, Int-3
                  | Dex+4}
 20259 | Lair:5   | Found a viscous altar of Jiyva.
 20259 | Lair:5   | Found a staircase to the Slime Pits.
 21650 | D:13     | Reached XP level 15. HP: 114/135 MP: 11/15
 21761 | D:13     | Found a gate to the Vaults.
 21762 | D:13     | Noticed Urug
 21796 | D:13     | Received a gift from Trog
 21806 | D:13     | Killed Urug
 23159 | D:14     | Reached skill level 10 in Shields
 23769 | D:15     | Entered Level 15 of the Dungeon
 24025 | D:15     | Found a staircase to the Depths.
 24874 | D:15     | Identified the +0 ring mail of the Old and Reckless {Dex-4
                  | Slay+2 SInv}
 25497 | Orc:1    | Entered Level 1 of the Orcish Mines
 25549 | Orc:2    | Entered Level 2 of the Orcish Mines
 25550 | Orc:2    | Received a gift from Trog
 25675 | Orc:1    | Found a frozen archway.
 25709 | IceCv    | Entered an ice cave
 26296 | IceCv    | Reached skill level 14 in Fighting
 26815 | Orc:1    | Found a burning altar of Makhleb.
 26888 | Orc:1    | Reached XP level 16. HP: 146/146 MP: 16/16
 27537 | Orc:2    | Found Eryeciar's Armour Emporium.
 27617 | Orc:2    | Found Cahas's Distillery.
 27920 | Orc:2    | Found Qunlec's Weapon Shop.
 27922 | Orc:2    | Found Wiusheqa's Book Emporium.
 28102 | Orc:2    | Found a staircase to the Elven Halls.
 28761 | Swamp:1  | Entered Level 1 of the Swamp
 30064 | Swamp:2  | HP: 6/147 [poison]
 30616 | Snake:1  | Entered Level 1 of the Snake Pit
 30624 | Snake:1  | Found Sutida's Antique Armour Shoppe.
 30719 | Snake:1  | Received a gift from Trog
 30876 | Snake:1  | Found Mienynar's Book Boutique.
 30961 | Snake:1  | Found Qosufaj's Jewellery Shop.
 30961 | Snake:1  | Found Qurhig's General Store.
 30962 | Snake:1  | Found Xick's Book Emporium.
 30963 | Snake:1  | Found Zexycwu's Jewellery Shop.
 30973 | Snake:1  | Bought a ring of poison resistance for 320 gold pieces
 30973 | Snake:1  | Bought the ring of the Saviour {rF+ rCorr} for 544 gold
                  | pieces
 30988 | Snake:1  | Bought the ring of the Median {rC+ rN+++ Int-4 Dex+4
                  | Stlth+} for 613 gold pieces
 31019 | Snake:1  | Bought a scroll of enchant weapon for 82 gold pieces
 31019 | Snake:1  | Bought a potion of heal wounds for 55 gold pieces
 31058 | Snake:1  | Found Kaoc Tyt's Armour Shoppe.
 31426 | Snake:1  | Found Femeomen's Book Boutique.
 32054 | Snake:2  | Noticed Aizul
 32066 | Snake:2  | Killed Aizul
 32213 | Snake:2  | Found Gorocu's Assorted Antiques.
 32273 | Snake:2  | Bought a potion of curing for 90 gold pieces
 32324 | Snake:2  | Reached skill level 15 in Fighting
 32999 | Snake:2  | Found a blossoming altar of Fedhas.
 33160 | Snake:3  | Identified the +11 hand axe of Oenomania {heavy, rPois
                  | Dex+2} (Trog gifted it to you on level 3 of the Snake Pit)
 33160 | Snake:3  | Received a gift from Trog
 33288 | Snake:3  | Reached XP level 17. HP: 97/156 MP: 15/17
 34098 | Snake:3  | Found Anylomeq's Armour Shoppe.
 34161 | Snake:3  | Found Heck's Magic Scroll Emporium.
 34167 | Snake:3  | Bought a scroll of brand weapon for 180 gold pieces
 34603 | Snake:4  | Entered Level 4 of the Snake Pit
 35025 | Snake:4  | Found Goshreopt's Jewellery Shoppe.
 35116 | Snake:4  | Bought an amulet of reflection for 450 gold pieces
 35247 | Snake:4  | Found Iblaikla's Magic Scroll Emporium.
 35264 | Snake:4  | Bought a scroll of teleportation for 39 gold pieces
 35264 | Snake:4  | Bought a scroll of teleportation for 39 gold pieces
 35264 | Snake:4  | Bought a scroll of enchant weapon for 97 gold pieces
 35264 | Snake:4  | Bought a scroll of blinking for 97 gold pieces
 35345 | Snake:4  | Reached skill level 16 in Fighting
 35348 | Snake:4  | Reached ****** piety under Trog
 36414 | Snake:4  | Found Biyzilu's Jewellery Shop.
 36440 | Snake:4  | Found Zabbie Hude's Superior Scales.
 37472 | Snake:4  | Identified the +2 broad axe "Sidait" {flame, Fragile Dex+3
                  | SInv} (Trog gifted it to you on level 4 of the Snake Pit)
 37472 | Snake:4  | Received a gift from Trog
 38009 | Snake:4  | Got a serpentine rune of Zot
 38244 | Swamp:2  | Reached XP level 18. HP: 166/168 MP: 18/18
 40558 | Swamp:4  | Entered Level 4 of the Swamp
 40969 | Swamp:4  | Reached skill level 17 in Fighting
 41392 | Swamp:4  | Reached skill level 15 in Evocations
 41392 | Swamp:4  | Noticed the 27-headed Lernaean hydra
 42368 | Swamp:4  | Found a runed translucent door.
 42594 | Swamp:4  | Killed the 25-headed Lernaean hydra
 42827 | Swamp:4  | Received a gift from Trog
 43240 | Swamp:4  | Got a decaying rune of Zot
 43702 | Elf:1    | Entered Level 1 of the Elven Halls
 43970 | Elf:1    | Found Xodym's Armour Shoppe.
 44156 | Elf:1    | Reached skill level 15 in Dodging
 44905 | Elf:2    | Found Xyol's Assorted Antiques.
 44997 | Elf:2    | Received a gift from Trog
 45134 | Elf:2    | Reached XP level 19. HP: 166/178 MP: 19/19
 45170 | Elf:2    | Paralysed by an air elemental for 1 turns
 45332 | Elf:2    | Found a runed translucent gate.
 45332 | Elf:2    | Found a runed translucent gate.
 45334 | Elf:2    | Found a runed translucent gate.
 45686 | Elf:3    | Entered Level 3 of the Elven Halls
 46196 | Elf:3    | Paralysed by an air elemental for 1 turns
 47840 | Elf:3    | Received a gift from Trog
 47841 | Elf:3    | Reached skill level 18 in Fighting
 47863 | Elf:3    | Identified the ring of Besutuz {rF+ Int+6}
 47868 | Elf:3    | Reached skill level 15 in Shields
 48041 | Elf:3    | Reached XP level 20. HP: 126/187 MP: 20/20
 48327 | Elf:3    | Identified the +8 quarterstaff "Quitirip" {holy, rC+ Str+5
                  | Int+3}
 48327 | Elf:3    | Identified the +0 leather armour of the Cooper {Int+3
                  | Slay+3}
 48581 | Elf:3    | Received a gift from Trog
 48957 | Elf:3    | Identified the staff of cold "Osatewef" {Fragile rC+ Int+6
                  | Dex+3}
 50511 | Elf:3    | Identified the +0 ring mail of Context {Int+4 Slay+2}
 50542 | Elf:3    | Identified the ring of the Echidna {AC+4 Str+3}
 51856 | Vaults:1 | Entered Level 1 of the Vaults
 52228 | Vaults:1 | Reached skill level 19 in Fighting
 52229 | Vaults:1 | Identified the +6 hand axe of the Puffin {flame, Dex+4
                  | SInv} (Trog gifted it to you on level 1 of the Vaults)
 52229 | Vaults:1 | Received a gift from Trog
 52843 | Vaults:1 | Found Usurhu's Antique Armour Boutique.
 52855 | Vaults:1 | Bought a jewelled cloak for 313 gold pieces
 52855 | Vaults:1 | Identified the +2 cloak of Taostus {Will+} (You bought it
                  | in a shop on level 1 of the Vaults)
 53088 | Vaults:1 | Reached XP level 21. HP: 198/198 MP: 21/21
 53538 | Vaults:2 | Found a staircase to the Crypt.
 53550 | Vaults:2 | Received a gift from Trog
 54732 | Vaults:2 | Received a gift from Trog
 54949 | Vaults:2 | Acquired 998 gold pieces
 54985 | Vaults:2 | Found Pidas's Assorted Antiques.
 55007 | Vaults:2 | Reached skill level 20 in Fighting
 55752 | Vaults:3 | Found a gateway to a bazaar.
 55760 | Vaults:3 | Received a gift from Trog
 55764 | Bazaar   | Entered a bazaar
 55806 | Bazaar   | Found Vagoixto's Book Emporium.
 55806 | Bazaar   | Found Xefaz's Book Shoppe.
 55828 | Bazaar   | Found Pusapraa's Jewellery Emporium.
 55828 | Bazaar   | Found Kopodwia's Distillery.
 55833 | Bazaar   | Bought a potion of heal wounds for 60 gold pieces
 55833 | Bazaar   | Bought a potion of mutation for 96 gold pieces
 55833 | Bazaar   | Bought a potion of curing for 36 gold pieces
 55850 | Bazaar   | Found Kaoshri's Armour Emporium.
 55850 | Bazaar   | Found Ymifes's General Store.
 55855 | Bazaar   | Bought a scroll of magic mapping for 82 gold pieces
 56847 | Vaults:4 | Found a flickering gateway to a bazaar.
 56859 | Bazaar   | Entered a bazaar
 56859 | Bazaar   | Found Xigal's Weapon Boutique.
 56859 | Bazaar   | Found Dascheakh's Armour Boutique.
 56887 | Bazaar   | Found Zughin's Jewellery Shop.
 56936 | Bazaar   | Found Kudamerph's Jewellery Boutique.
 56976 | Bazaar   | Bought the +0 pair of boots "Esyhuk" {Int+3 Slay+5} for 504
                  | gold pieces
 57381 | Vaults:4 | Received a gift from Trog
 58099 | Vaults:3 | Reached XP level 22. HP: 211/211 MP: 22/22
 58436 | Slime:1  | Entered Level 1 of the Pits of Slime
 58484 | Slime:5  | Entered Level 5 of the Pits of Slime
 58818 | Slime:5  | Noticed the Royal Jelly
 58819 | Slime:5  | Found a viscous altar of Jiyva.
 58843 | Slime:5  | Killed the Royal Jelly
 58844 | Slime:5  | Reached skill level 21 in Fighting
 58853 | Slime:5  | Mangled by an acid blob

Illustrated notes

Levels and vault maps discovered:
D:1:      dpeg_cavernosity, layout_loops_ring,
          shapermc_ecumenical_altar_mp_ritualfount, minmay_hexomino_u4
D:2:      layout_basic
D:3:      layout_rooms, general_overflow_altar, uniq_crazy_yiuf_cottage
D:4:      layout_basic, minmay_close_crescents
D:5:      layout_loops_ring, serial_shops, shop, roderic_filled_cross
D:6:      layout_loops_ring, portal_sewer_entry_a
D:7:      layout_basic, temple_hall, enter_bailey_5
D:8:      layout_cave_pools, serial_park, serial_park_paths
          [serial_park_minivault_5x5_7], serial_park_tiny_2,
          serial_park_fountain, serial_park_square1
          [serial_park_minivault_5x5_8]
D:9:      layout_cross, ploomutoo_gammafunk_ghost_potion_laboratory, uniq_harold
D:10:     hangedman_screamer, layout_basic, nicolae_hepliaklqana_hazy_memory
D:11:     layout_roguey, erik_lair_island, orc_david_3, trove_entry_hex_spiral
D:12:     layout_basic
D:13:     layout_loops_ring, david_vaults_3
D:14:     layout_roguey, bh_walls_and_bars, hangedman_decor_slide_cut
D:15:     grunt_enter_depths_hoard, layout_irregular_city,
          nicolae_kite_square_tiling_tiny, hangedman_corner_corridor
Temple:   mainiacjoe_temple_cubbyholes
Lair:1:   layout_gridlike
Lair:2:   layout_loops_ring, minmay_swamp_entry_wisps, serial_forest,
          infiniplex_forest_straight_2, infiniplex_forest_end_2,
          infiniplex_forest_corner_1, infiniplex_forest_zigzag_1,
          infiniplex_forest_lined_ring, infiniplex_forest_lined_3,
          infiniplex_forest_lined_room_2, serial_bayou_shore_b,
          grunt_megastairs_2
Lair:3:   nzn_winding_woodlands_stair_cross
          [nzn_winding_woodlands_5x15_lazy_stream,
          nzn_winding_woodlands_center_triple_pond,
          nzn_winding_woodlands_5x15_pathside_ponds,
          nzn_winding_woodlands_5x5_perimeter,
          nzn_winding_woodlands_5x5_closed_star,
          nzn_winding_woodlands_5x15_default,
          nzn_winding_woodlands_center_garden,
          nzn_winding_woodlands_5x15_parted], layout_regular_city,
          guppyfry_snake_entry_garden, uniq_kirke
Lair:4:   layout_gridlike, grunt_megastairs_1, uniq_josephine
Lair:5:   minmay_lair_end_enchanted_forest, layout_loops_ring,
          minmay_slime_entry_oklob_enclosed, worms_lemuel, lemuel_fruit_fields
Swamp:1:  layout_basic_swamp, evilmike_swamp_ruin_house_3, swamp_pool5
Swamp:2:  layout_falls_marsh, nicolae_swamp_feature_on_the_river_bank
Swamp:3:  layout_falls_marsh, evilmike_swamp_ruin_rubble_2
Swamp:4:  swamp_basic_johnstein, layout_basic_swamp, swamp_pool5,
          nzn_swamp_weyward_sisters
Snake:1:  layout_gridlike, serial_corexii_hall, chequers_hall_statues_corner_a,
          corexii_hall_statues_i, corexii_hall_statues_s,
          corexii_hall_statues_i, corexii_hall_statues_x,
          chequers_hall_statues_wall_a, serial_shops, shop, shop, shop,
          shop_fountains, shop, minmay_shop_grove
Snake:2:  layout_gridlike, basic_altar, serial_bayou_shore_b, minmay_shop_star,
          uniq_aizul
Snake:3:  layout_basic, minmay_shoptagon
Snake:4:  grunt_snake_rune_pools, layout_cave_town, serial_shops, shop, shop,
          shop, grunt_ministairs_13, hellmonk_scale_shop
Slime:1:  layout_caves
Slime:2:  layout_caves
Slime:3:  layout_caves, basic_altar, nicolae_slime_barrier,
          nicolae_slime_rock_hall_of_fame
Slime:4:  layout_caves
Slime:5
Orc:1:    layout_caves, portal_ice_cave_demonic_guard, basic_altar
Orc:2:    st_orc_elflike, layout_caves, basic_altar
Elf:1:    elf_arrival_002, layout_loops_cross, serial_shops,
          nicolae_diamond_shop, minmay_elf_sorcery, lemuel_flamethrower_2
Elf:2:    nicolae_elf_blades_splatter_lattice
          [nicolae_blade_entry_floor_patterns], layout_geoelf_octagon,
          serial_shops, nicolae_shop_hallway_stairs, uniq_louise
Elf:3:    minmay_elf_hall_hex, layout_loops_corners, grunt_megastairs_5
Vaults:1: nicolae_vaults_house_3, vaults_mumra_minichess, vaults_dpeg_ring,
          nicolae_vaults_double_plus_3, nicolae_vaults_shrinking_rooms_1,
          v_misc_16, v_misc_10, nicolae_vaults_trapezoid_4, grunt_vaults_funnel,
          vaults_room_semicircle, nicolae_vaults_diamond_2,
          nicolae_vaults_apartment_1, vaults_room_grunt_arrival_ludios,
          nicolae_vaults_wine_cellar, layout_vaults_maze_snakey, serial_shops,
          nicolae_shop_competitors_out_of_business
Vaults:2: v_misc_23, minmay_crypt_entry_simple_corners, v_misc_28, st_cells,
          hangedman_vaults_variations, nicolae_vaults_alarming,
          nicolae_vaults_trapezoid_4, nicolae_vaults_doubleplus_tesselated,
          vaults_mumra_chevron, nicolae_vaults_six-pack, vaults_mumra_hex,
          layout_vaults_omnicross, serial_shops, shop
Vaults:3: nicolae_vaults_meiosis, v_alt_pattern_4, nicolae_vaults_house_2,
          v_alt_pattern_2, v_misc_2, nicolae_vaults_puzzle_piece,
          nicolae_vaults_circle_grid_b, ontoclasm_vaults_chip,
          nicolae_vaults_more_shelving_2, nicolae_vaults_security_offices_1,
          vaults_mumra_lcd, layout_vaults_ring, serial_shops, statue_bzr
Vaults:4: nicolae_vaults_diamond_2, nicolae_vaults_specimen_jars,
          ontoclasm_vaults_ring_large, nicolae_vaults_storage_room_doors,
          nicolae_vaults_heart-shaped_vault, nicolae_vaults_tetromino_Z_2,
          layout_vaults_omnigrid, serial_shops, bzr_entry_water

Skill      XL: |  1  2  3  4  5  6  7  8  9 10 11 12 13 14 15 16 17 18 19 20 21 22 |
---------------+-------------------------------------------------------------------+-----
Dodging        | 3 4 5 6 7 8 9 10 11 12 13 14 15 16 17 18 | 18.5
Axes           | 4 5 6 7 8 10 11 12 14 15 16 17 18 | 18.0
Fighting       | 4 5 6 7 8 9 10 11 12 13 14 15 16 17 18 19 20 21 | 21.0
Evocations     | 3 4 6 7 8 9 10 11 13 14 15 16 18 | 18.7
Shields        | 3 5 6 8 9 10 12 13 14 15 | 15.0

Action                     |  1- 3 |  4- 6 |  7- 9 | 10-12 | 13-15 | 16-18 | 19-21 | 22-24 || total
---------------------------+-------+-------+-------+-------+-------+-------+-------+-------++-------
  Melee: Hand axe          |   128 |    86 |       |       |       |       |       |       ||   214
         Tailslap          |    16 |    11 |    38 |    89 |   330 |   269 |   188 |    16 ||   957
         Punch             |     1 |     1 |     3 |       |       |       |       |       ||     5
         War axe           |       |    13 |   214 |   129 |   992 |   403 |       |       ||  1751
         Battleaxe         |       |       |    82 |     6 |       |       |       |       ||    88
         Morningstar       |       |       |       |   499 |   450 |       |       |       ||   949
         Glaive            |       |       |       |     1 |       |       |       |       ||     1
         Broad axe         |       |       |       |       |       |  1292 |   927 |    73 ||  2292
  Throw: Dart              |       |       |       |     4 |     4 |       |       |       ||     8
         Throwing net      |       |       |       |       |       |     2 |     1 |       ||     3
         Javelin           |       |       |       |       |       |       |     4 |       ||     4
 Invoke: Trog's Hand       |     1 |     4 |     6 |    10 |    12 |    12 |    28 |     1 ||    74
         Berserk           |       |     6 |     4 |     6 |     7 |     4 |     1 |     2 ||    30
         Brothers in Arms  |       |       |       |     1 |       |     2 |     1 |       ||     4
Ability: Breathe Fire      |       |       |     2 |     7 |     5 |     8 |     3 |       ||    25
  Evoke: Wand              |       |       |     1 |     5 |    12 |     5 |     7 |       ||    30
    Use: Scroll            |     3 |     1 |     7 |    17 |    12 |    26 |    12 |     5 ||    83
         Potion            |       |     1 |     5 |     4 |     5 |     6 |     3 |     5 ||    29
   Stab: Sleeping          |     1 |     1 |     1 |     1 |     6 |     1 |       |       ||    11
         Petrified         |       |       |       |       |     2 |       |       |       ||     2
         Distracted        |       |       |       |       |     1 |     1 |     1 |       ||     3
         Confused          |       |       |       |       |       |     3 |       |       ||     3
 Armour: Skin              |    43 |    60 |   133 |   422 |   600 |   470 |   100 |    18 ||  1846
  Dodge: Dodged            |    77 |    97 |   251 |   609 |  1097 |   775 |   266 |    30 ||  3202
  Block: Kite shield       |       |       |       |   425 |   975 |   142 |       |       ||  1542
         Tower shield      |       |       |       |       |       |  1640 |   832 |    70 ||  2542
         Reflection        |       |       |       |       |       |    50 |    90 |     3 ||   143

Table legend: (Time is in decaauts)
 A = Elapsed time spent in this place.
 B = Non-inter-level travel time spent in this place.
 C = Inter-level travel time spent in this place.
 D = Time resting spent in this place.
 E = Time spent auto-exploring this place.
 F = Levels seen in this place.
 G = Mean time per level.
                   A        B        C        D        E       F      G
               +--------+--------+--------+--------+--------+-----+--------+
         Total |  59323 |  56341 |   2982 |  16951 |  28673 |  48 | 1235.9 |
       Dungeon |  15815 |  14995 |    820 |   3110 |   9096 |  15 | 1054.3 |
        Temple |    342 |    289 |     53 |      0 |    289 |   1 |  342.0 |
          Lair |   9592 |   8938 |    654 |   2803 |   4298 |   5 | 1918.4 |
         Swamp |   6747 |   6390 |    357 |   2971 |   2354 |   4 | 1686.8 |
     Snake Pit |   7495 |   7129 |    366 |   2319 |   3467 |   4 | 1873.8 |
    Slime Pits |    401 |    401 |      0 |    260 |      0 |   5 |   80.2 |
  Orcish Mines |   2151 |   1969 |    182 |    302 |   1165 |   2 | 1075.5 |
   Elven Halls |   8013 |   7631 |    382 |   3229 |   3214 |   3 | 2671.0 |
        Vaults |   5917 |   5752 |    165 |   1027 |   3605 |   4 | 1479.2 |
        Bazaar |    251 |    251 |      0 |      0 |    201 |   2 |  125.5 |
         Sewer |   1039 |   1039 |      0 |    222 |    595 |   1 | 1039.0 |
        Bailey |    539 |    539 |      0 |    281 |    104 |   1 |  539.0 |
      Ice Cave |   1015 |   1015 |      0 |    423 |    283 |   1 | 1015.0 |
               +--------+--------+--------+--------+--------+-----+--------+

Top non-repeatable levels by time:
   Elf:3: 5931 daAuts
 Snake:4: 2666 daAuts
  Lair:2: 2581 daAuts
 Swamp:4: 2350 daAuts
 Snake:3: 2198 daAuts
  Lair:5: 2053 daAuts
Vaults:2: 1838 daAuts
  Lair:4: 1810 daAuts
  Lair:3: 1727 daAuts
    D:14: 1675 daAuts
 Swamp:1: 1668 daAuts
    D:10: 1612 daAuts
 Swamp:3: 1580 daAuts
Vaults:1: 1576 daAuts
   Orc:2: 1537 daAuts
